 Dungeon Crawl Stone Soup version 0.18-a0-1088-g34ef3a2 (webtiles) character file.

283 xgamer67 the Chiller (level 6, 0/36 HPs)
             Began as an Octopode Ice Elementalist on Jan 15, 2016.
             Slain by Sigmund
             ... wielding a +0 scythe
              (5 damage)
             ... on level 4 of the Dungeon.
             The game lasted 00:14:15 (5424 turns).

xgamer67 the Chiller (Octopode Ice Elementalist)    Turns: 5424, Time: 00:14:15

Health: 0/36       AC:  1    Str:  7    XL:     6   Next: 28%
Magic:  9/9        EV: 12    Int: 19    God:
Gold:   197        SH:  0    Dex: 13    Spells: 3 memorised, 3 levels left

rFire  . . .     SeeInvis .     a - +1 whip (elec)
rCold  . . .     Gourm    .     (no shield)
rNeg   . . .     Faith    .     (helmet restricted)
rPois  .         Spirit   .     (no amulet)
rElec  .         Dismiss  .     (no ring)
rCorr  .         Reflect  .     (no ring)
SustAt .         Harm     .     (no ring)
MR     .....                    (no ring)
Stlth  +++.......               (no ring)
                                (no ring)
                                (no ring)
                                (no ring)

@: about to teleport, not resistant to hostile enchantments, fairly stealthy
A: almost no armour, amphibious, 8 rings, constrict 8, camouflage 1, gelatinous
body 1
a: no special abilities


You were on level 4 of the Dungeon.
You were hungry.

You visited 1 branch of the dungeon, and saw 5 of its levels.

You collected 197 gold pieces.

Inventory:

Hand Weapons
 a - a +1 whip of electrocution (weapon)
 n - a +0 short sword
 q - a +0 whip of venom
 s - a +0 dagger
 A - a +1 dagger of protection
Missiles
 j - 36 poisoned needles
 B - 2 tomahawks (quivered)
 D - 4 curare-tipped needles
Armour
 z - a +0 shield
Jewellery
 t - a +4 ring of dexterity {unknown}
Wands
 y - a wand of confusion (25/48)
Scrolls
 k - a scroll of amnesia {unknown}
 m - a scroll of teleportation
 r - a scroll of blinking {unknown}
 u - a scroll of noise {unknown}
 v - a scroll of identify {unknown}
Potions
 d - 2 potions of cancellation {unknown}
 e - a potion of beneficial mutation {unknown}
 f - a potion of resistance {unknown}
 h - a potion of magic {unknown}
 i - 3 potions of curing
 l - a potion of lignification {unknown}
 p - 3 potions of heal wounds
Books
 w - a book of Frost

   Spells                             Type                      Level
   a - Freeze                         Ice                          1
   b - Throw Frost                    Conjuration/Ice              2
   c - Ozocubu's Armour               Charms/Ice                   3
   d - Throw Icicle                   Conjuration/Ice              4
   e - Summon Ice Beast               Ice/Summoning                4
   f - Condensation Shield            Ice                          4
 C - a Young Poisoner's Handbook

   Spells                             Type                      Level
   a - Sting                          Conjuration/Poison           1
   b - Cure Poison                    Poison                       2
   c - Mephitic Cloud                 Conjuration/Poison/Air       3
   d - Olgreb's Toxic Radiance        Poison                       4
   e - Venom Bolt                     Conjuration/Poison           5
Comestibles
 b - 3 bread rations
 c - a royal jelly
 g - 2 beef jerkies
 x - 3 meat rations


   Skills:
 - Level 2.2 Dodging
 - Level 2.9 Stealth
 + Level 2.2 Spellcasting
 + Level 1.5 Conjurations
 + Level 0.8 Charms
 + Level 6.3 Ice Magic


You had 3 spell levels left.
You knew the following spells:

 Your Spells              Type           Power        Failure   Level  Hunger
a - Freeze                Ice            ####         1%          1    #......
b - Throw Frost           Conj/Ice       ###...       8%          2    ##.....
e - Ozocubu's Armour      Chrm/Ice       ###.....     12%         3    ###....


Dungeon Overview and Level Annotations

Branches:
Dungeon (5/15)
 Temple: D:4-7

Altars:
Fedhas

Annotations:
D:3 Grinder
D:4 Sigmund
D:5 HunterMK1337's ghost, novice FoFi


Innate Abilities, Weirdness & Mutations

You cannot wear most types of armour.
You are amphibious.
You can wear up to eight rings at the same time.
You can use your tentacles to constrict eight enemies at once.
Your skin changes colour to match your surroundings (Stealth).
Your rubbery body absorbs attacks (AC +1).


Message History

Evoking this partially-identified wand wasted a few charges.
You are confused.
You're too confused to move!
Something hits you.
You hear some strange, mumbled words.
You are more confused.
Drink which item? (? for menu, Esc to quit)
You feel better. Something hits you!
You hit something but do no damage. You whack something!
There is a sudden explosion of sparks!
You hear some strange, mumbled words.
A magic dart appears from out of thin air!
The magic dart hits you! Something hits you!
* * * LOW HITPOINT WARNING * * *
Read which item? (? for menu, Esc to quit)
As you read the scroll of teleportation, it crumbles to dust.
You feel strangely unstable. Something hits you.
You die...

#..........# ###
#.....##.......l..# ..
#.....##..........# .#
#.......@.........# .###
###.....##..........#
...##
.......##..........#
<...######
#.....##..........#
†......... #.....# #.#
.....#### #..@..# ###.#
@....## ####.## ##...#
(.....## #.# #..###
.....÷.# #.# #.##
....##..### #.####.#
....###...#######.##...#
.......[.W........#..###
.....#####...###..#.##
.....## ###..###...####


There were no monsters in sight!

Vanquished Creatures
  A hound (D:4)
  7 adders
  6 gnolls
  2 oozes
  2 adder zombies
  5 worms
  2 giant geckos (D:3)
  8 orcs
  13 bats
  A bat zombie (D:2)
  2 giant cockroaches
  13 goblins
  5 hobgoblins
  6 jackals
  A ball python (D:2)
  A ball python skeleton (D:4)
  A ball python zombie (D:2)
  6 giant newts
  9 kobolds
  A quokka skeleton (D:2)
  A quokka zombie (D:2)
  9 rats
102 creatures vanquished.

Vanquished Creatures (others)
  4 withered plants (D:2)
4 creatures vanquished.

Grand Total: 106 creatures vanquished

Notes
Turn   | Place    | Note
--------------------------------------------------------------
     0 | D:1      | xgamer67 the Octopode Ice Elementalist began the quest for the Orb.
     0 | D:1      | Reached XP level 1. HP: 11/11 MP: 3/3
   247 | D:1      | Reached XP level 2. HP: 17/17 MP: 5/5
   254 | D:1      | Learned a level 2 spell: Throw Frost
   928 | D:1      | Reached XP level 3. HP: 21/21 MP: 6/6
  1195 | D:2      | Reached skill level 4 in Ice Magic
  1919 | D:2      | Noticed a phantom
  1936 | D:2      | Reached XP level 4. HP: 25/27 MP: 3/7
  2536 | D:2      | Reached skill level 5 in Ice Magic
  3070 | D:2      | Reached XP level 5. HP: 31/31 MP: 4/8
  3494 | D:3      | Noticed Grinder
  3994 | D:3      | Reached skill level 6 in Ice Magic
  4537 | D:3      | Found a blossoming altar of Fedhas.
  4775 | D:3      | Reached XP level 6. HP: 36/36 MP: 9/9
  4867 | D:3      | Learned a level 3 spell: Ozocubu's Armour
  5045 | D:4      | Noticed Sigmund
  5094 | D:5      | Entered Level 5 of the Dungeon
  5097 | D:5      | Noticed HunterMK1337's ghost (novice FoFi)
  5186 | D:4      | Noticed a phantom
  5424 | D:4      | Slain by Sigmund

Vault maps used:
D:1:      scummos_arrival_star, nrook_mini_backslash, serial_bayou_pond_b
D:2:      serial_undead, serial_undead_b, serial_undead_d, serial_undead_e,
          serial_undead_f, serial_undead_e, serial_undead_b,
          lightli_corner_chamber
D:3:      old_standard_altar, uniq_grinder
D:4:      nicolae_ru_awakened_eye, lemuel_crystal_altar, first_bread,
          minivault_26, uniq_sigmund
D:5:      nicolae_overflow_hidden_temple, grunt_ministairs_12

Action                   |  1- 3 |  4- 6 || total
-------------------------+-------+-------++-------
Melee: Club              |     6 |       ||     6
       Whip              |    69 |    86 ||   155
 Cast: Freeze            |    18 |    43 ||    61
       Throw Frost       |     2 |    14 ||    16
Evoke: Wand              |       |     1 ||     1
  Use: Scroll            |       |     4 ||     4
       Potion            |       |     4 ||     4
 Stab: Sleeping          |     9 |    18 ||    27
       Distracted        |       |     1 ||     1
  Eat: Chunk             |     2 |    13 ||    15
